 Dungeon Crawl Stone Soup version 0.28.0-43-g3370ac3207 (webtiles) character file.

Game seed: 9828987061839068250

391 styxcanada the Covert (level 6, -3/32 HPs)
             Began as a Spriggan Brigand on Mar 10, 2022.
             Was an Initiate of Gozag.
             Killed from afar by Grinder (8 damage)
             ... with a puff of flame
             ... on level 5 of the Dungeon.
             The game lasted 00:14:03 (4257 turns).

styxcanada the Covert (Spriggan Brigand)            Turns: 4257, Time: 00:14:04

Health: -3/32      AC:  3    Str:  7    XL:     6   Next: 50%
Magic:  7/7        EV: 19    Int: 12    God:    Gozag
Gold:   106        SH:  0    Dex: 19    Spells: 5/5 levels left

rFire   . . .      SeeInvis +   a - +2 dagger
rCold   . . .      Faith    .   (no shield)
rNeg    . . .      Spirit   .   b - +0 robe
rPois   .          Reflect  .   (helmet restricted)
rElec   .          Harm     .   c - +0 cloak
rCorr   .          Rampage  .   (gloves unavailable)
Will    +....                   (boots unavailable)
Stlth   ++++......              (no amulet)
HPRegen 0.10/turn               (no ring)
MPRegen 0.10/turn               (no ring)

@: very quick
A: very small, no large weapons, unfitting armour, see invisible, speed 3
a: Renounce Religion, Potion Petition, Call Merchant, Bribe Branch


You were on level 5 of the Dungeon.
You worshipped Gozag.
Gozag was aware of your devotion.
You visited 2 branches of the dungeon, and saw 6 of its levels.

You collected 127 gold pieces.
You paid 21 gold pieces to Gozag.

Inventory:

Hand Weapons
 a - a +2 dagger (weapon)
 g - a +0 hunting sling
Missiles
 d - 6 poisoned darts (quivered)
 e - 2 curare-tipped darts
 i - 79 stones
Armour
 b - a +0 robe (worn)
 c - a +0 cloak (worn)
Scrolls
 h - a scroll of teleportation {unknown}
 k - a scroll of vulnerability {unknown}
 l - 5 scrolls of identify {unknown}
 n - a scroll of enchant weapon {unknown}
 o - 2 scrolls of noise {unknown}
 p - 2 scrolls of brand weapon {unknown}
 q - a scroll of fear {unknown}
Potions
 f - a potion of mutation {unknown}
 j - 2 potions of curing {unknown}
 m - a potion of might {unknown}
 r - a potion of invisibility {unknown}


   Skills:
 * Level 2.6 Fighting
 + Level 3.2 Short Blades
 + Level 2.2(3.3) Slings
 + Level 3.0(3.3) Throwing
 * Level 3.7 Dodging
 * Level 8.4 Stealth


You had 5 spell levels left.
You didn't know any spells.
Your spell library contained the following spells:

 Spells                   Type           Power      Damage    Failure   Level
 Corpse Rot               Necr/Air       0%         N/A       45%         2
 Poisonous Vapours        Pois/Air       0%         N/A       45%         2


Dungeon Overview and Level Annotations

Branches:
Dungeon (5/15)             Temple (1/1) D:4

Altars:
Ashenzari
Cheibriados
Dithmenos
Fedhas
Gozag
Hepliaklqana
Kikubaaqudgha
Makhleb
Nemelex Xobeh
Okawaru
Qazlal
Ru
Sif Muna
Trog
Wu Jian
Xom
Zin
The Shining One

Annotations:
D:5 Grinder


Innate Abilities, Weirdness & Mutations

You are very small and have problems with some larger weapons.
You are too small for most types of armour.
You have supernaturally acute eyesight. (SInv)
You cover ground extremely quickly. (Speed+++)


Message History

Grinder misses you.
You hit Grinder.
Grinder is moderately wounded.
Grinder says, "There's only one good use for a tongue: cutting it out."
Grinder zaps a wand.
The puff of flame hits you!
* * * LOW HITPOINT WARNING * * *
Grinder gestures at you.
You easily resist.
Grinder gestures at you.
You easily resist.
Throw: 10 darts (poison)
Press: ? - help, Q - select action, (/) - cycle Shift-Dir - straight line, f - Grinder
Aim: Grinder, carrying a wand of flame (3) (lightly wounded, 60% to hit)
You throw a poisoned dart. The poisoned dart hits Grinder.
Grinder is poisoned.
Grinder is lightly wounded.
Grinder blinks!
Throw: 9 darts (poison)
Press: ? - help, Q - select action, (/) - cycle Shift-Dir - straight line, f/p - Grinder
Aim: Grinder, carrying a wand of flame (3) (lightly wounded, poisoned, 60% to hit)
You throw a poisoned dart. The poisoned dart hits Grinder.
Grinder is lightly wounded.
Grinder zaps a wand.
The puff of flame hits you.
* * * LOW HITPOINT WARNING * * *
Grinder blinks!
You start resting.
Grinder is nearby!
Throw: 8 darts (poison)
Press: ? - help, Q - select action, (/) - cycle Shift-Dir - straight line, f/p - Grinder
Aim: Grinder, carrying a wand of flame (2) (moderately wounded, poisoned, 60% to hit)
You throw a poisoned dart.
The poisoned dart barely misses Grinder.
Throw: 7 darts (poison)
Press: ? - help, Q - select action, (/) - cycle Shift-Dir - straight line, f/p - Grinder
Aim: Grinder, carrying a wand of flame (2) (moderately wounded, poisoned, 60% to hit)
You throw a poisoned dart. The poisoned dart hits Grinder.
Grinder looks even sicker.
Grinder is moderately wounded.
Grinder zaps a wand.
The puff of flame hits you!
You die...
Your body crumbles into a pile of gold.

##......?........
#................
#................
#................
#(..............
##...............
##................
#(.5......@.......
........#...............
.......##.............##
######. #....<...######
#. ########## #. ##


You could see Grinder (very poisoned).

Vanquished Creatures
  A necrophage (D:4)
  A scorpion (D:4)
  A bullfrog skeleton (D:5)
  A hound (D:4)
  A centaur skeleton (D:4)
  Terence (D:2)
  A hound skeleton (D:4)
  3 gnolls (D:2)
  2 adders
  An adder skeleton (D:3)
  2 dart slugs
  6 orcs
  3 endoplasms
  4 giant cockroaches
  9 hobgoblins
  2 quokkas
  3 ball pythons
  6 bats
  2 frilled lizards
  5 goblins
  5 kobolds
  7 rats
67 creatures vanquished.

Notes
Turn   | Place    | Note
-------+----------+-------------------------------------------
     0 | D:1      | styxcanada the Spriggan Brigand began the quest for the
                  | Orb.
     0 | D:1      | Reached XP level 1. HP: 10/10 MP: 2/2
    29 | D:1      | Reached skill level 6 in Stealth
   237 | D:1      | Reached XP level 2. HP: 14/14 MP: 3/3
   636 | D:1      | Found a faded altar of an unknown god.
  1121 | D:2      | Reached XP level 3. HP: 7/18 MP: 4/4
  1339 | D:2      | Reached skill level 7 in Stealth
  1352 | D:2      | Noticed Terence
  1372 | D:2      | Killed Terence
  1373 | D:2      | Reached XP level 4. HP: 23/23 MP: 5/5
  2672 | D:4      | Reached XP level 5. HP: 20/26 MP: 6/6
  2760 | D:4      | Reached skill level 8 in Stealth
  2781 | D:4      | Noticed a necrophage
  2863 | D:4      | Killed a necrophage
  2864 | D:4      | Reached skill level 1 in Slings
  2950 | D:4      | Reached XP level 6. HP: 32/32 MP: 7/7
  3152 | D:4      | Found a staircase to the Ecumenical Temple.
  3161 | Temple   | Entered the Ecumenical Temple
  3337 | Temple   | Became a worshipper of Gozag Ym Sagoz the Greedy
  4224 | D:5      | Entered Level 5 of the Dungeon
  4233 | D:5      | Noticed Grinder
  4257 | D:5      | Killed from afar by Grinder

Illustrated notes

Levels and vault maps discovered:
D:1:      evilmike_arrival_plus, layout_basic,
          hellmonk_ecumenical_altar_heavens_door
D:2:      layout_basic, serial_bayou_crossing, uniq_terence
D:3:      layout_rooms
D:4:      layout_basic, minmay_temple_entry_overgrown
D:5:      layout_cave_pods, minmay_guarded_unrand_staff_of_olgreb, uniq_grinder
Temple:   mainiacjoe_temple_starburst

Skill      XL: |  1  2  3  4  5  6 |
---------------+-------------------+-----
Stealth        | 6 7 8 |  8.4
Dodging        | 2 3 |  3.7
Fighting       | 2 |  2.6
Short Blades   | 3 |  3.2
Slings         | 1 2 |  2.2
Throwing       | 3 |  3.0

Action                   |  1- 3 |  4- 6 || total
-------------------------+-------+-------++-------
Melee: Dagger            |    82 |   122 ||   204
       Punch             |       |     2 ||     2
 Fire: Hunting sling     |       |    17 ||    17
Throw: Dart              |    21 |    37 ||    58
 Stab: Sleeping          |    12 |     8 ||    20
Armor: Robe              |    15 |    15 ||    30
Dodge: Dodged            |    54 |    72 ||   126
